 Dungeon Crawl Stone Soup version 0.30-a0-414-gcb316572d5 (webtiles) character file.

Game seed: 11444856931261376067

140 p00ps00p the Trooper (level 5, -2/47 HPs)
             Began as a Hill Orc Fighter on Dec 8, 2022.
             Slain by a gnoll
             ... wielding a +0 halberd
              (6 damage)
             ... on level 2 of the Dungeon.
             The game lasted 00:01:13 (796 turns).

p00ps00p the Trooper (Hill Orc Fighter)              Turns: 796, Time: 00:01:14

Health: -2/47      AC:  8    Str: 21    XL:     5   Next: 23%
Magic:  5/5        EV:  9    Int:  8    God:
Gold:   87         SH:  4    Dex: 10    Spells: 4/4 levels left

rFire   . . .      SeeInvis .    a - +3 war axe
rCold   . . .      Faith    .    c - +0 buckler
rNeg    . . .      Spirit   .    b - +0 scale mail
rPois   .          Reflect  .    j - +0 helmet
rElec   .          Harm     .    (no cloak)
rCorr   .          Rampage  .    (no gloves)
Will    .....                    (no boots)
Stlth   ..........               (no amulet)
HPRegen 0.27/turn                (no ring)
MPRegen 0.09/turn                (no ring)

@: no status effects
A: no striking features
a: no special abilities


You were on level 2 of the Dungeon.
You visited 1 branch of the dungeon, and saw 2 of its levels.

You collected 87 gold pieces.

Inventory:

Hand Weapons
 a - a +3 war axe (weapon)
Armour
 b - a +0 scale mail (worn)
 c - a +0 buckler (worn)
 j - a +0 helmet (worn)
Jewellery
 e - a ring of flight
Potions
 d - 3 potions of might
 f - 2 potions of attraction
 g - a potion of ambrosia
 h - 2 potions of heal wounds
 i - a potion of curing {unknown}


   Skills:
 + Level 4.6 Fighting
 + Level 4.2 Axes
 + Level 4.2 Armour
 + Level 4.2 Shields


You had 4 spell levels left.
You didn't know any spells.
Your spell library contained the following spells:

 Spells                   Type           Power      Damage    Failure   Level
 Static Discharge         Conj/Air       0%         2-2/arc   92%         2
 Vhi's Electric Charge    Tloc/Air       0%         N/A       99%         3
 Arcjolt                  Conj/Air       0%         1d10      100%        5
 Lightning Bolt           Conj/Air       0%         1d11      100%        5


Dungeon Overview and Level Annotations

Branches:
Dungeon (2/15)

Altars:


Message History

You kill the gnoll!
The gnoll hits you but does no damage.
Unknown command.
The gnoll hits you but does no damage.
Things that are here:
a +0 whip; a +0 spear; a gnoll corpse Unknown command.
You hit the gnoll.
The gnoll is moderately wounded.
The gnoll hits you but does no damage. The gnoll barely misses you.
Unknown command.
You barely miss the gnoll.
The gnoll is moderately wounded.
The gnoll hits you but does no damage.
The gnoll hits you from afar with a +0 halberd. x2
You block the gnoll's attack.
Unknown command.
You are too injured to fight recklessly!
Unknown command.
You are too injured to fight recklessly!
Unknown command.
You are too injured to fight recklessly!
Unknown command.
You are too injured to fight recklessly!
You hit the gnoll.
The gnoll is severely wounded.
The gnoll hits you but does no damage. x2
You slash the gnoll!
You kill the gnoll!
The gnoll hits you from afar with a +0 halberd!
* * * LOW HITPOINT WARNING * * *
The quokka closely misses you.
You closely miss the quokka. The gnoll closely misses you.
The quokka bites you but does no damage.
The gnoll hits you from afar with a +0 halberd!
* * * LOW HITPOINT WARNING * * *
The quokka bites you but does no damage.
You barely miss the quokka. The quokka barely misses you.
The gnoll hits you from afar with a +0 halberd.
You die...

#.# #.# #.# #.# #
#.#.# #.#g#.###
#.rg..... #####@#
#....)# #.###)###.#
#.# #.....#
##.###.#.###
######...#.....##
#.......)..........
#.####.)†#.#...##..
#.# ##.#...#### .


You could see 2 gnolls and a quokka.

Vanquished Creatures
  Terence (D:2)
  7 gnolls
  An adder (D:2)
  A dart slug (D:1)
  7 bats
  5 endoplasms
  A giant cockroach (D:1)
  A goblin (D:2)
  6 hobgoblins
  A quokka (D:1)
  3 ball pythons (D:1)
  2 frilled lizards
  5 kobolds (D:1)
41 creatures vanquished.

Notes
Turn   | Place    | Note
-------+----------+-------------------------------------------
     0 | D:1      | p00ps00p the Hill Orc Fighter began the quest for the Orb.
     0 | D:1      | Reached XP level 1. HP: 19/19 MP: 1/1
    98 | D:1      | Reached XP level 2. HP: 24/27 MP: 2/2
   261 | D:1      | Reached XP level 3. HP: 29/33 MP: 3/3
   303 | D:1      | You fall into a shaft and drop 1 floor!
   755 | D:2      | Reached XP level 4. HP: 36/40 MP: 4/4
   769 | D:2      | Noticed Terence
   776 | D:2      | Killed Terence
   789 | D:2      | Reached XP level 5. HP: 28/47 MP: 5/5
   796 | D:2      | Slain by a gnoll

Illustrated notes

Levels and vault maps discovered:
D:1:      minmay_arrival_plants_in_alcoves, layout_rooms
D:2:      layout_loops_ring, ebering_ecumenical_altar_mist, uniq_terence

Skill      XL: |  1  2  3  4 |
---------------+-------------+-----
Axes           | 3 4 |  4.2
Fighting       | 4 |  4.6
Shields        | 4 |  4.2
Armour         | 4 |  4.2

Action                   |  1- 3 |  4- 6 || total
-------------------------+-------+-------++-------
Melee: War axe           |    79 |    22 ||   101
  Use: Scroll            |     6 |       ||     6
Armor: Scale mail        |    43 |    18 ||    61
Dodge: Dodged            |    62 |     8 ||    70
Block: Buckler           |    26 |     6 ||    32

Table legend: (Time is in decaauts)
 A = Elapsed time spent in this place.
 B = Non-inter-level travel time spent in this place.
 C = Inter-level travel time spent in this place.
 D = Time resting spent in this place.
 E = Time spent auto-exploring this place.
 F = Levels seen in this place.
 G = Mean time per level.
                   A        B        C        D        E       F      G
               +--------+--------+--------+--------+--------+-----+--------+
         Total |    834 |    810 |     24 |      0 |    556 |   2 |  417.0 |
       Dungeon |    834 |    810 |     24 |      0 |    556 |   2 |  417.0 |
               +--------+--------+--------+--------+--------+-----+--------+

Top non-repeatable levels by time:
     D:1: 613 daAuts
     D:2: 220 daAuts
